 Dungeon Crawl Stone Soup version 0.29.1-15-g9cfb28693d (webtiles) character file.

Game seed: 15882201409287975737

410 Calibrex the Ruffian (level 6, 0/62 HPs)
             Began as a Troll Fighter on Mar 25, 2023.
             Slain by a centaur (2 damage)
             ... on level 5 of the Dungeon.
             The game lasted 00:07:59 (3382 turns).

Calibrex the Ruffian (Troll Fighter)                Turns: 3382, Time: 00:08:00

Health: 0/62       AC:  4    Str: 25    XL:     6   Next: 58%
Magic:  5/5        EV:  8    Int:  6    God:
Gold:   237        SH:  7    Dex:  9    Spells: 5/5 levels left

rFire   . . .      SeeInvis .     - Unarmed
rCold   . . .      Faith    .   b - +0 kite shield
rNeg    . . .      Spirit   .   a - +0 robe
rPois   .          Reflect  .   (helmet restricted)
rElec   .          Harm     .   (no cloak)
rCorr   .          Rampage  .   (gloves unavailable)
Will    .....                   (boots unavailable)
Stlth   +.........              (no amulet)
HPRegen 1.00/turn               (no ring)
MPRegen 0.09/turn               (no ring)

@: mighty, lethally poisoned (0 -> -5)
A: large, unfitting armour, claws 3, regeneration 1, shaggy fur 1, tough skin 1
a: no special abilities


You were on level 5 of the Dungeon.
You visited 1 branch of the dungeon, and saw 5 of its levels.

You collected 237 gold pieces.

Inventory:

Missiles
 d - 10 poisoned darts (quivered)
 l - 6 large rocks
Armour
 a - a +0 robe (worn)
 b - a +0 kite shield (worn)
Jewellery
 k - a ring of wizardry
 m - a ring of ice
Wands
 i - a wand of mindburst (17)
 s - a wand of roots (3)
Scrolls
 f - 2 scrolls of butterflies
 q - a scroll of identify
Potions
 c - a potion of might
 e - a potion of invisibility
 g - a potion of berserk rage {unknown}
 h - 2 potions of flight {unknown}
 j - a potion of lignification {unknown}
 n - a potion of mutation {unknown}
 o - a potion of degeneration {unknown}
 r - 2 potions of haste {unknown}
 t - a potion of curing {unknown}


   Skills:
 + Level 3.7 Fighting
 - Level 2.4 Dodging
 + Level 4.1 Shields
 * Level 5.2 Unarmed Combat


You had 5 spell levels left.
You didn't know any spells.
Your spell library contained the following spells:

 Spells                   Type           Power      Damage    Failure   Level
 Beastly Appendage        Tmut           0%         N/A       75%         1
 Sting                    Tmut/Pois      0%         1d3       75%         1
 Ensorcelled Hibernation  Hex/Ice        0%         N/A       86%         2
 Passwall                 Tmut/Erth      0%         N/A       86%         2
 Poisonous Vapours        Pois/Air       0%         N/A       86%         2
 Wereblood                Tmut           0%         N/A       86%         2
 Spider Form              Tmut/Pois      0%         N/A       98%         3
 Swiftness                Air            0%         N/A       98%         3
 Olgreb's Toxic Radiance  Pois           0%         N/A       100%        4


Dungeon Overview and Level Annotations

Branches:
Dungeon (5/15)
 Temple: D:4-7

Altars:
Dithmenos
Kikubaaqudgha
Ru
Sif Muna
Vehumet
Yredelemnul


Innate Abilities, Weirdness & Mutations

You are too large for most types of armour.
You have claws for hands.
Your natural rate of healing is unusually fast.
You are covered in fur. (AC +1)
You have tough skin. (AC +1)


Message History

You block the ufetubus's attack. The centaur hits you.
The centaur barely misses you. The scorpion stings you.
You are poisoned.
The scorpion poisons you!
You scratch the centaur but do no damage.
You feel very sick. You block the ufetubus's attack.
The ufetubus completely misses you. The centaur hits you.
The centaur kicks you but does no damage.
The scorpion closely misses you. You block the ufetubus's attack.
The ufetubus closely misses you.
You scratch the centaur.
The centaur is lightly wounded.
You feel sick. The centaur hits you.
* * * LOW HITPOINT WARNING * * *
The centaur kicks you but does no damage.
The ufetubus hits you but does no damage.
The ufetubus hits you.
* * * LOW HITPOINT WARNING * * *
You block the scorpion's attack.
The centaur hits you but does no damage.
The centaur barely misses you.
You feel very mighty all of a sudden.
You feel sick. You block the ufetubus's attack.
The ufetubus closely misses you. The centaur barely misses you.
The centaur kicks you.
* * * LOW HITPOINT WARNING * * *
The scorpion stings you.
* * * LOW HITPOINT WARNING * * *
You are lethally poisoned!
The scorpion poisons you! The ufetubus hits you.
* * * LOW HITPOINT WARNING * * *
The ufetubus hits you but does no damage.
You claw the centaur!
The centaur is severely wounded.
* * * LOW HITPOINT WARNING * * *
You feel very sick.
The centaur hits you but does no damage.
The centaur kicks you.
You die...

#...####............########
#...# .......#####.........#
#...# .......# #.........#
#...# ....... #.........#
#...# ....... #.........#
....... +.........# .......
#.........#
......5#####.........#
#.s@.....#+####+##
#.c......# #........+
#........# #........#
####......# +......#
#......#


You could see a centaur, a scorpion and an ufetubus.

Vanquished Creatures
  A phantom (D:2)
  A bullfrog (D:4)
  A necrophage (D:4)
  A jelly (D:4)
  An iguana (D:5)
  6 adders
  A worm (D:2)
  2 dart slugs
  9 orcs
  6 ball pythons
  6 endoplasms
  2 giant cockroaches
  8 goblins
  8 hobgoblins
  2 jackals (D:3)
  9 kobolds
  5 quokkas
  9 bats
  2 frilled lizards (D:1)
  6 rats
86 creatures vanquished.

Vanquished Creatures (others)
  3 plants (D:4)
3 creatures vanquished.

Grand Total: 89 creatures vanquished

Notes
Turn   | Place    | Note
-------+----------+-------------------------------------------
     0 | D:1      | Calibrex the Troll Fighter began the quest for the Orb.
     0 | D:1      | Reached XP level 1. HP: 22/22 MP: 0/0
   156 | D:1      | Reached XP level 2. HP: 29/29 MP: 1/1
  1005 | D:2      | Reached skill level 3 in Unarmed Combat
  1005 | D:2      | Reached XP level 3. HP: 31/36 MP: 2/2
  1045 | D:2      | Found a faded altar of an unknown god.
  1861 | D:2      | Noticed a phantom
  1867 | D:2      | Killed a phantom
  1868 | D:2      | Reached skill level 4 in Unarmed Combat
  1868 | D:2      | Reached XP level 4. HP: 39/45 MP: 3/3
  1868 | D:2      | Reached XP level 5. HP: 46/53 MP: 4/4
  2039 | D:3      | Found a radiant altar of Vehumet.
  2043 | D:3      | Found an ancient bone altar of Kikubaaqudgha.
  2048 | D:3      | Found a shadowy altar of Dithmenos.
  2323 | D:3      | Found a sacrificial altar of Ru.
  2753 | D:4      | Reached XP level 6. HP: 61/61 MP: 5/5
  2766 | D:4      | Found a shimmering blue altar of Sif Muna.
  3069 | D:4      | Reached skill level 5 in Unarmed Combat
  3203 | D:4      | Found a basalt altar of Yredelemnul.
  3212 | D:4      | Identified the +5 whip "Ixourul" {flame, rN+}
  3299 | D:5      | Entered Level 5 of the Dungeon
  3382 | D:5      | HP: 2/62 [poisoned by a scorpion]
  3382 | D:5      | Slain by a centaur

Illustrated notes

Levels and vault maps discovered:
D:1:      evilmike_arrival_hilbert_curve, layout_loops_corners
D:2:      minmay_thinvault, layout_loops_cross,
          hellmonk_ecumenical_altar_heavens_door, palyth_stone_intersect,
          nicolae_eternal_life, glass_columns_c, minmay_misc_feat_nine_boxes,
          minmay_misc_feat_x
D:3:      layout_loops_ring, grunt_temple_overflow_diamond, hangedman_ru_absence
D:4:      layout_rooms, grunt_temple_overflow_open, serial_forest,
          infiniplex_forest_clump_curved, infiniplex_forest_lined_corner,
          infiniplex_forest_end_3, infiniplex_forest_clump_diagonal,
          infiniplex_forest_lined_corner, infiniplex_forest_lined_corner,
          infiniplex_forest_clump_tiny, infiniplex_forest_corner_1,
          hangedman_decor_lopped
D:5:      layout_gridville, minmay_temple_entry_mini_moons

Skill      XL: |  1  2  3  4  5  6 |
---------------+-------------------+-----
Shields        | 3 4 |  4.1
Unarmed Combat | 3 4 5 |  5.2
Fighting       | 3 |  3.7
Dodging        | |  2.4

Action                   |  1- 3 |  4- 6 || total
-------------------------+-------+-------++-------
Melee: Unarmed           |   142 |   128 ||   270
  Use: Scroll            |     1 |     6 ||     7
       Potion            |       |     1 ||     1
Armor: Robe              |    45 |    41 ||    86
Dodge: Dodged            |    60 |    41 ||   101
Block: Kite shield       |    59 |    43 ||   102
